 Dungeon Sprint DCSS version 0.31-a0-536-ga3e2962e35 (webtiles) character file.

Game seed: 151108383113296044

0 Conn the Firebug (level 1, -1/16 HPs)
             Began as an Octopode Fire Elementalist on Aug 13, 2023.
             Slain by a blink frog (17 damage)
             ... in the Dungeon (Sprint VII: "The Pits").
             The game lasted 00:00:45 (47 turns).

Conn the Firebug (Octopode Fire Elementalist)         Turns: 47, Time: 00:00:46

Health: -1/16      AC:  1    Str:  7    XL:     1   Next: 0%
Magic:  0/3        EV: 13    Int: 17    God:
Gold:   0          SH:  0    Dex: 12    Spells: 3/4 levels left

rFire   . . .        (no weapon)
rCold   . . .        (no shield)
rNeg    . . .        (helmet restricted)
rPois   .            (no amulet)
rElec   .            (no ring)
rCorr   .            (no ring)
SInv    .            (no ring)
Will    .....        (no ring) Stlth
                     (no ring)
HPRegen 0.22/turn    (no ring)
MPRegen 0.08/turn    (no ring)
                     (no ring)

%: no teleportation
@: berserking (expiring), hasted, very quick
A: almost no armour, amphibious, 8 rings, camouflage 1, gelatinous body 1,
(nimble swimmer 1), tentacles
a: no special abilities


You were in the Dungeon.
You visited 1 branch

Inventory:

Scrolls
 f - a scroll of blinking
Potions
 a - 3 potions of magic
 b - a potion of curing
 c - a potion of heal wounds


   Skills:
 + Level 2.0 Dodging
 + Level 2.6 Stealth
 + Level 2.0 Spellcasting
 + Level 1.0 Conjurations
 + Level 3.0 Fire Magic


You had 3 spell levels left.
You knew the following spells:

 Your Spells              Type           Power      Damage    Failure   Level
a - Foxfire               Conj/Fire      32%        2x1d5     9%          1

Your spell library contained the following spells:

 Spells                   Type           Power      Damage    Failure   Level
 Scorch                   Fire           22%        2d5       9%          2
 Inner Flame              Hex/Fire       6%         N/A       30%         3
 Volatile Blastmotes      Fire/Tloc      12%        2d11      30%         3
 Flame Wave               Conj/Fire      8%         2d5       63%         4


Dungeon Overview and Level Annotations

Branches:
Dungeon (1/1)

Altars:


Innate Abilities, Weirdness & Mutations

You cannot wear most types of armour.
You are amphibious.
You can wear up to eight rings at the same time.
Your skin changes colour to match your surroundings (Stealth+).
Your rubbery body absorbs attacks. (AC +1, EV +1)
((You are camouflaged when in or above water. (Stealth+)))
You have tentacles for arms and can constrict up to eight enemies at once.


Message History

You conjure some foxfire!
Unknown command.
Casting: Foxfire (safe; 9% risk of failure)
Confirm with . or Enter, or press ? or * to list all spells.
You conjure some foxfire!
Unknown command.
Casting: Foxfire (safe; 9% risk of failure)
Confirm with . or Enter, or press ? or * to list all spells.
You conjure some foxfire!
The foxfire hits the blink frog.
The blink frog is lightly wounded.
The blink frog gives a loud, deep croak!
The foxfire hits the blink frog.
The blink frog is lightly wounded.
Your foxfire dissipates!
You feel yourself speed up.
The blink frog blinks!
The foxfire hits the blink frog.
The blink frog is lightly wounded.
A red film seems to cover your vision as you go berserk!
You feel yourself moving faster!
You feel mighty!
Your foxfire dissipates!
A centaur comes into view.
The blink frog blinks!
Unknown command.
Unknown command.
You miss the blink frog.
The centaur shouts!
Your grab misses the blink frog. Your squeeze misses the blink frog.
The blink frog is lightly wounded.
Your foxfire dissipates!
The blink frog blinks!
A blink frog comes into view.
You slam the huge gate shut with a bang!
You feel a strong urge to attack something.
The blink frog barely misses you.
You closely miss the blink frog. Your grab misses the blink frog.
You squeeze the blink frog!
The blink frog is heavily wounded.
A centaur opens the huge gate.
The blink frog hits you!
Ouch! That really hurt!
You die...

##########++##########
#................##..#
#......#..#......##..#
#.....F..........++..#
+......@.........++..#
#......#..#......##.....
#.........§......##.....
####'#####''############
#.......# ''# #.......#
.c# #.......# ...
#...<...# #§.. #.......#
#c..


You could see a blink frog and a centaur.

Vanquished Creatures (others)
  6 foxfires (D)
6 creatures vanquished.

Notes
Turn   | Place    | Note
-------+----------+-------------------------------------------
     0 | D        | Conn the Octopode Fire Elementalist began the quest for the
                  | Orb.
     0 | D        | Reached XP level 1. HP: 11/11 MP: 3/3
    23 | D        | Noticed a tyrant leech
    23 | D        | Noticed a centaur
    37 | D        | Noticed a blink frog
    42 | D        | Noticed a centaur
    43 | D        | Noticed a blink frog
    47 | D        | Slain by a blink frog

Illustrated notes

Levels and vault maps discovered:
D:        pitsprint [storerooms_1, entrance_room_1, metal_vault_5, armoury_1,
          mini_pit_1, grid_room_1, main_hall_1, silver_pit, the_coven_3,
          the_vestibule_1, steel_vault_5, golden_pit, hallway_of_sentries,
          crystal_vault_1, iron_vault_1, final_vault]

Action                     || total
---------------------------++-------
  Melee: Unarmed           ||     2
         Tentacles         ||     1
   Cast: Foxfire           ||     3
    Use: Potion            ||     2
  Dodge: Dodged            ||     1

Table legend: (Time is in decaauts)
 A = Elapsed time spent in this place.
 B = Non-inter-level travel time spent in this place.
 C = Inter-level travel time spent in this place.
 D = Time resting spent in this place.
 E = Time spent auto-exploring this place.
 F = Levels seen in this place.
 G = Mean time per level.
                   A        B        C        D        E       F      G
               +--------+--------+--------+--------+--------+-----+--------+
         Total |     45 |     45 |      0 |      0 |      0 |   1 |   45.0 |
       Dungeon |     45 |     45 |      0 |      0 |      0 |   1 |   45.0 |
               +--------+--------+--------+--------+--------+-----+--------+

Top non-repeatable levels by time:
       D: 45 daAuts
